AoeStats
← GalatiansTwoTwenty

Hideout

507905775Analyzed
1v1 RM · 12d ago on Sep 20, 2026· 94m 17s· 2 players
Game mode
Random Map
Map size
Tiny (2 player)
Population
200
Speed
Normal
Resources
Standard
Victory
Conquest
Starting age
Dark Age
Ending age
Imperial Age
RankedLock teamsTeams togetherTeam positionsShared explorationLock speedFull tech treeHidden civsTurbo modeCheats
Victory
Defeat
🇳🇿 Maya · New Zealand
1428
+14
🇺🇸 Malay · United States
1379
-14
GalatiansTwoTwenty
11:04 Feudal Age
11:38 Wheelbarrow
15:51 Castle Age
13:54 Double-Bit Axe
14:39 Horse Collar
17:11 Horse Collar
18:07 Bow Saw
21:40 Town Watch
23:12 Loom
24:56 Heavy Plow
24:46 Gold Mining
26:19 Gold Shaft Mining
29:45 Hand Cart
29:22 Stone Mining
33:04 Imperial Age
31:36 Fletching
31:14 Pikeman
31:55 Squires
32:07 Forging
32:16 Padded Archer Armor
32:52 Conscription
31:58 Capped Ram
32:04 Elite Skirmisher
33:25 Bodkin Arrow
34:10 Leather Archer Armor
33:45 Onager
36:33 Iron Casting
35:42 Elite Karambit Warrior
36:29 Arson
38:15 Blast Furnace
38:55 Chemistry
38:16 Bracer
41:32 Thumb Ring
44:36 Ring Archer Armor
44:29 Ballistics
45:03 Masonry
45:51 Scale Barding Armor
46:33 Guard Tower
46:49 Siege Engineers
46:49 Treadmill Crane
48:27 Husbandry
48:07 Light Cavalry
48:11 Man-at-Arms
49:41 Keep
48:44 Long Swordsman
49:30 Two-Handed Swordsman
50:52 Bombard Tower
51:02 Guilds
51:38 Forced Levy
55:42 Crop Rotation
58:04 Heavy Scorpion
58:32 Halberdier
58:49 Heavy Scorpion
NatheSpike
0:29 Loom
9:17 Feudal Age
9:56 Double-Bit Axe
10:39 Horse Collar
15:18 Fletching
16:56 Wheelbarrow
19:51 Castle Age
18:20 Gold Mining
19:20 Padded Archer Armor
20:34 Town Watch
21:03 Bow Saw
21:02 Bodkin Arrow
20:30 Crossbowman
23:21 Ballistics
29:38 Heavy Plow
30:49 Scale Mail Armor
30:25 Eagle Warrior
32:04 Chain Mail Armor
32:50 Fortified Wall
35:58 Imperial Age
34:58 Forging
36:26 Hand Cart
36:49 Iron Casting
36:57 Bracer
37:35 Onager
39:15 Plate Mail Armor
40:01 Blast Furnace
38:59 Guard Tower
40:25 Elite Eagle Warrior
44:49 Conscription
45:30 Holcans
44:36 Arbalester
46:22 Keep
46:19 Leather Archer Armor
46:48 Squires
46:33 Arson
46:57 Thumb Ring
48:00 Chemistry
48:18 Pikeman
49:39 Guilds
49:52 Halberdier
55:22 Elite Skirmisher
56:19 Hul'che Javelineers
56:37 Murder Holes
56:23 Treadmill Crane
59:18 Crop Rotation
58:17 Heavy Scorpion
60:38 Hoardings
65:06 Masonry
70:24 Capped Ram
76:38 Architecture
77:44 Two-Man Saw
76:48 Town Patrol
80:21 Ring Archer Armor
80:48 Siege Ram
Connection lost

Rejoining the realm…

Still unreachable

The connection could not be restored.

Session expired

The server has moved on; the page needs a fresh start.